 Dungeon Crawl Stone Soup version 0.20-a0-465-g6513c8f (webtiles) character file.

253097 kidcy the Executioner (level 18, -1/176 HPs)
             Began as a Minotaur Fighter on Jan 12, 2017.
             Was the Champion of Okawaru.
             Slain by an ettin simulacrum (14 damage)
             ... led by a necromancer
             ... on level 3 of the Vaults.
             The game lasted 01:59:12 (39994 turns).

kidcy the Executioner (Minotaur Fighter)           Turns: 39994, Time: 01:59:14

Health: -1/176     AC: 43    Str: 23      XL:     18   Next: 98%
Magic:  22/22      EV: 20    Int:  6 (8)  God:    Okawaru [******]
Gold:   629        SH:  6    Dex: 19      Spells: 17/17 levels left

rFire  + + +     SeeInvis .     d - +5 battleaxe (vamp)
rCold  . . .     Gourm    .     T - +4 crystal plate armour {rC+}
rNeg   + . .     Faith    .     (shield currently unavailable)
rPois  .         Spirit   .     C - +0 hat {Int+3}
rElec  .         Reflect  +     V - +2 cloak {MR+}
rCorr  .         Harm     .     x - +2 pair of gloves {Dex+3}
MR     ++...                    S - +1 pair of boots of Valour {+Blink rF+++ rC- rN+}
Stlth  ..........               o - +6 amulet of reflection
                                E - +6 ring of evasion
                                i - +4 ring of protection

@: about to teleport, marked, slowed, very slow
A: retaliatory headbutt, horns 2
}: 2/15 runes: decaying, gossamer
a: Heroism, Finesse, Renounce Religion, Evoke Blink


You were on level 3 of the Vaults.
You worshipped Okawaru.
Okawaru was exalted by your worship.
You were not hungry.

You visited 7 branches of the dungeon, and saw 35 of its levels.
You also visited: Ice Cave.

You collected 2014 gold pieces.
You spent 1385 gold pieces at shops.

Inventory:

Hand Weapons
 d - a +5 vampiric battleaxe (weapon)
Armour
 x - a +2 pair of gloves of dexterity (worn)
 A - a +1 pair of gloves of strength
 C - a +0 hat of intelligence (worn)
 S - the +1 pair of boots of Valour (worn) {+Blink rF+++ rC- rN+}
   (Okawaru gifted it to you on level 12 of the Dungeon)

   It renders you almost immune to fire.
   It makes you vulnerable to cold.
   It protects you from negative energy.
   It lets you blink.
 T - a +4 crystal plate armour of cold resistance (worn)
 V - a +2 cloak of magic resistance (worn)
Jewellery
 i - a +4 ring of protection (left hand)
 o - a +6 amulet of reflection (around neck)
 D - an uncursed ring of ice {unknown}
 E - a +6 ring of evasion (right hand)
Wands
 q - a wand of digging (7/24)
 v - a wand of flame (35/48)
 G - a wand of digging (1/24)
 R - a wand of lightning (7/15)
Scrolls
 a - a scroll of fog
 c - a scroll of recharging
 n - 10 scrolls of teleportation
 s - 12 scrolls of remove curse
 u - 9 scrolls of identify
 N - 2 scrolls of magic mapping
 P - 2 scrolls of amnesia
Potions
 b - a potion of resistance
 f - 2 potions of might
 k - 3 potions of flight
 p - a potion of cure mutation
 t - 4 potions of brilliance
 z - 5 potions of cancellation
 F - 5 potions of haste
 H - 2 potions of ambrosia
 K - 3 potions of curing
 O - 4 potions of agility
 Q - 5 potions of lignification
 W - 3 potions of invisibility
 Y - 3 potions of magic
 Z - a potion of mutation {unknown}
Books
 e - a book of Geomancy

   Spells                             Type                      Level
   a - Sandblast                      Earth                        1
   b - Passwall                       Transmutation/Earth          2
   c - Stone Arrow                    Conjuration/Earth            3
   d - Petrify                        Transmutation/Earth          4
   e - Lee's Rapid Deconstruction     Earth                        5
 l - a book of Misfortune

   Spells                             Type                      Level
   a - Confusing Touch                Hexes                        1
   b - Confuse                        Hexes                        3
   c - Gell's Gravitas                Hexes/Translocation          3
   d - Petrify                        Transmutation/Earth          4
   e - Metabolic Englaciation         Hexes/Ice                    5
   f - Yara's Violent Unravelling     Hexes/Transmutation          5
 I - a book of Fire

   Spells                             Type                      Level
   a - Ignite Poison                  Fire/Transmutation/Poison    3
   b - Fireball                       Conjuration/Fire             5
   c - Bolt of Fire                   Conjuration/Fire             6
   d - Delayed Fireball               Conjuration/Fire             7
   e - Ring of Flames                 Charms/Fire                  7
 M - a book of Power

   Spells                             Type                      Level
   a - Fulminant Prism                Conjuration/Hexes            4
   b - Iskenderun's Mystic Blast      Conjuration                  4
   c - Venom Bolt                     Conjuration/Poison           5
   d - Bolt of Magma                  Conjuration/Fire/Earth       5
   e - Iron Shot                      Conjuration/Earth            6
   f - Orb of Destruction             Conjuration                  7
   g - Spellforged Servitor           Conjuration/Summoning        7
Comestibles
 h - 8 fruits
 j - 5 meat rations
 m - 5 beef jerkies
 r - 5 slices of pizza
 w - 14 royal jellies
 U - 3 bread rations


   Skills:
 + Level 19.4 Fighting
 * Level 22.4 Axes
 - Level 17.0 Armour
 * Level 15.6 Dodging
 - Level 1.3 Stealth
   Level 7.6 Shields
 - Level 7.3 Invocations
 - Level 3.3 Evocations


You had 17 spell levels left.
You didn't know any spells.

Dungeon Overview and Level Annotations

Branches:
Dungeon (15/15)            Temple (1/1) D:7            Lair (6/6) D:10
  Swamp (4/4) Lair:3       Spider (4/4) Lair:2        Slime (0/5) Lair:5
    Orc (2/2) D:11            Elf (0/3) Orc:2        Vaults (3/5) D:14
  Crypt: Vaults:2-3  Depths: D:15

Altars:
Ashenzari
Cheibriados
Dithmenos
Elyvilon
Fedhas
Gozag
Hepliaklqana
Kikubaaqudgha
Makhleb
Nemelex Xobeh
Okawaru
Qazlal
Ru
Sif Muna
Trog
Uskayaw
Vehumet
Xom
Yredelemnul
Zin
The Shining One

Shops:
D:7 [}   D:8 *}   D:10 %   D:11 !*%[%   D:14 }   Orc:1 [   Orc:2 !%[}
Vaults:2 *   Vaults:3 !

Portals:
Pandemonium: Orc:2
Trove: D:13 (give +5 demon whip)

Annotations:
D:4 Menkaure
Lair:4 exclusion: 2 oklob plants


Innate Abilities, Weirdness & Mutations

You reflexively headbutt those who attack you in melee.
You have a pair of horns on your head.


Message History

You feel strangely unstable.
The ironheart preserver zombie hits you but does no damage.
The wizard gestures wildly while chanting.
The wizard blinks!
You block the freezing wraith's attack. The freezing wraith closely misses you.
The fire giant skeleton closely misses you.
The ettin simulacrum hits you! The ettin simulacrum freezes you!!
* * * LOW HITPOINT WARNING * * *
The ettin simulacrum hits you but does no damage.
The freezing wraith barely misses you. You furiously retaliate!
You headbutt the freezing wraith! The freezing wraith hits you!
* * * LOW HITPOINT WARNING * * *
The freezing wraith drains your vigour!
You feel yourself slow down.
The glowing orange brain blinks!
The ettin simulacrum hits you.
* * * LOW HITPOINT WARNING * * *
The ettin simulacrum freezes you!
* * * LOW HITPOINT WARNING * * *
The ettin simulacrum hits you!
You die...

.....# .....# .....#
.....# .....#
#############+###+#)....#O
............)...)).Z...Z'.
................WZZ)...p#.
.....>.......)..@G......#
........................#
......(.................#
#############+###########
.######## .#......#
.#......# .'......#
.#......#


You could see a death knight (fleeing), a glowing orange brain, a freezing
wraith, an ettin simulacrum, an ironheart preserver zombie, a fire giant
skeleton and an ironbrand convoker skeleton.

Vanquished Creatures
  Rupert (D:11)
  Gastronok (D:8)
  A thorn hunter (Swamp:4)
  Donald (Swamp:4)
  Kirke (D:11)
  2 fire giants
  6 vault wardens
  3 orc warlords
  A ghost moth (Spider:2)
  3 emperor scorpions (Spider:4)
  A reaper (IceCv)
  9 ironheart preservers
  5 very ugly things
  2 stone giants
  A deep elf demonologist (Vaults:1)
  2 spark wasps (Spider:4)
  5 yaktaur captains
  2 fire dragons (Vaults:3)
  2 rakshasas
  4 vault guards
  8 hydras
  A peacekeeper (Vaults:2)
  Erolcha (D:10)
  A servant of whispers (Vaults:2)
  A ghost crab (Swamp:4)
  Erica (D:11)
  3 ice dragons
  2 great orbs of eyes
  An anaconda (shapeshifter) (Vaults:1)
  A catoblepas (Lair:6)
  5 centaur warriors
  8 ogre magi
  2 deep troll shamans
  11 two-headed ogres
  5 orc high priests (Orc:2)
  16 death yaks (Lair:6)
  2 alligators (Swamp:4)
  2 tengu warriors (D:14)
  Nergalle (Lair:2)
  3 deep elf knights
  Sonja (D:11)
  A sixfirhy (Orc:2)
  A deep elf archer (Vaults:3)
  A torturous demonspawn (Orc:2)
  A wizard (D:14)
  A flayed ghost (Vaults:2)
  2 infernal demonspawn (Orc:2)
  4 deep trolls (Vaults:2)
  3 glowing orange brains
  A phantasmal warrior (Vaults:1)
  A swamp dragon (Swamp:4)
  10 harpies (Vaults:2)
  4 shambling mangroves
  2 necromancers
  7 ironbrand convokers
  8 orc knights
  13 orb spiders
  A lindwurm (Lair:6)
  26 wolf spiders
  8 deep elf magi
  16 ugly things
  10 cyclopes
  9 orc sorcerers
  A frost giant zombie (Vaults:2)
  2 human zombies (Vaults:2)
  2 moths of wrath (Spider:4)
  10 elephants
  5 black mambas
  Maurice (D:8)
  2 torpor snails
  4 vault sentinels
  2 ice statues (IceCv)
  2 gargoyles
  2 orange demons (Orc:2)
  3 rime drakes
  A smoke demon (Orc:2)
  13 spiny frogs
  20 yaktaurs
  2 kobold demonologists (D:12)
  A yaktaur (shapeshifter) (D:13)
  5 demonic crawlers
  8 freezing wraiths
  14 komodo dragons
  9 ice devils
  A red devil (Orc:2)
  3 trolls
  20 jumping spiders
  6 meliai
  A queen bee (Spider:4)
  3 tyrant leeches (Swamp:1)
  A queen bee (shapeshifter) (Vaults:2)
  3 polar bears
  12 blink frogs
  14 hornets
  20 slime creatures
  7 bog bodies
  2 saltlings (Vaults:2)
  8 dream sheep
  11 hippogriffs
  A meliai zombie (D:12)
  5 shadows
  4 spriggans
  53 redbacks
  2 wyverns
  30 tarantellas
  3 wraiths
  A yak (shapeshifter) (Vaults:1)
  3 hogs (D:12)
  3 basilisks
  Eustachio (D:6)
  A golden eye (shapeshifter) (Vaults:3)
  47 yaks
  Grum (D:9)
  2 hungry ghosts
  A steam dragon (Lair:4)
  4 vampire mosquitoes
  4 swamp worm simulacra (Swamp:4)
  2 wargs
  Edmund (D:6)
  11 swamp worms
  4 insubstantial wisps (Swamp:4)
  13 water moccasins
  A soldier ant (D:12)
  16 hydra simulacra (Swamp:4)
  Duvessa (D:5)
  2 swamp drakes
  3 ice beasts
  6 porcupines
  A sky beast (D:7)
  A necrophage (D:14)
  49 orc warriors
  2 phantoms
  An ogre (shapeshifter) (Vaults:2)
  3 black bears
  4 boggarts (Vaults:1)
  31 ogres
  13 centaurs
  11 wolves
  3 big kobolds
  20 crocodiles
  20 bullfrogs
  A gnoll sergeant (D:12)
  Dowan (D:5)
  A wyvern skeleton (D:9)
  14 scorpions
  An elf simulacrum (Vaults:2)
  29 killer bees
  16 wights
  4 electric eels
  3 howler monkeys
  9 crimson imps
  A quasit (D:7)
  2 bullfrog zombies
  A centaur zombie (D:7)
  19 orc wizards
  2 hounds
  34 orc priests
  5 jellies
  2 centaur skeletons
  A gnoll shaman (D:7)
  5 iguanas
  11 worker ants
  Terence (D:2)
  A killer bee zombie (D:7)
  A hound skeleton (D:5)
  2 worker ant zombies (D:10)
  13 gnolls
  15 adders
  A howler monkey skeleton (D:5)
  9 shadow imps
  2 white imps (IceCv)
  10 ufetubi (IceCv)
  3 oozes
  4 swamp drake simulacra (Swamp:4)
  3 adder skeletons
  8 worms
  A dart slug (D:3)
  7 leopard geckos
  96 orcs
  4 giant cockroaches
  2 gnoll zombies (D:2)
  7 goblins
  8 hobgoblins
  13 jackals
  2 quokkas
  A ball python (D:6)
  10 bats
  7 frilled lizards
  15 kobolds
  2 leopard gecko skeletons
  A quokka zombie (D:7)
  9 rats
  5 fungi
  A plant (Lair:6)
1291 creatures vanquished.

Vanquished Creatures (others)
  An azure jelly (Swamp:4)
  A yaktaur captain (Vaults:2)
  An orc knight (Orc:2)
  A yaktaur (Vaults:2)
  2 jumping spiders (Spider:1)
  5 centaurs
  A boggart (Vaults:1)
  3 white imps (IceCv)
  5 ufetubi (IceCv)
  An orc (D:7)
  8 fungi
  10 plants
39 creatures vanquished.

Grand Total: 1330 creatures vanquished

Notes
Turn   | Place    | Note
-------+----------+-------------------------------------------
     0 | D:1      | kidcy the Minotaur Fighter began the quest for the Orb.
     0 | D:1      | Reached XP level 1. HP: 19/19 MP: 0/0
     6 | D:1      | Noticed a yaktaur
     6 | D:1      | Noticed a hell rat
     6 | D:1      | Noticed a soldier ant
     6 | D:1      | Noticed a tyrant leech
     6 | D:1      | Noticed an iguana
   267 | D:1      | Reached XP level 2. HP: 24/27 MP: 1/1
   811 | D:2      | Reached skill level 3 in Axes
   834 | D:2      | Reached XP level 3. HP: 33/33 MP: 2/2
   846 | D:2      | Noticed Terence
   856 | D:2      | Killed Terence
  1048 | D:2      | Reached skill level 4 in Axes
  1048 | D:2      | Reached XP level 4. HP: 35/40 MP: 3/3
  1096 | D:2      | Found an ancient bone altar of Kikubaaqudgha.
  1147 | D:2      | Found a basalt altar of Yredelemnul.
  1674 | D:2      | Reached skill level 5 in Axes
  1779 | D:3      | Reached XP level 5. HP: 44/47 MP: 4/4
  2320 | D:3      | Reached skill level 6 in Axes
  2867 | D:2      | Reached XP level 6. HP: 24/53 MP: 5/5
  3328 | D:4      | Noticed Menkaure
  3331 | D:5      | Entered Level 5 of the Dungeon
  3355 | D:5      | Reached skill level 5 in Armour
  3383 | D:5      | Reached skill level 7 in Axes
  3410 | D:5      | Noticed Duvessa
  3410 | D:5      | Noticed Dowan
  3444 | D:5      | Killed Duvessa
  3444 | D:5      | Reached XP level 7. HP: 49/60 MP: 6/6
  3447 | D:5      | Killed Dowan
  3447 | D:5      | Reached skill level 5 in Fighting
  3676 | D:5      | Reached skill level 8 in Axes
  4189 | D:5      | Reached skill level 9 in Axes
  4288 | D:5      | Reached XP level 8. HP: 49/70 MP: 7/7
  4782 | D:6      | Got a smoking scale mail
  4803 | D:6      | Identified the +0 scale mail of the Tick {rElec rN+} (You found it on level 6 of the Dungeon)
  4895 | D:6      | Noticed Edmund
  4911 | D:6      | Killed Edmund
  5041 | D:6      | Reached skill level 10 in Axes
  5581 | D:6      | Reached skill level 11 in Axes
  5763 | D:6      | Noticed Eustachio
  5787 | D:6      | Killed Eustachio
  5787 | D:6      | Reached XP level 9. HP: 45/78 MP: 8/8
  6048 | D:7      | Found Caafeseu's Quality Used Wands.
  6104 | D:7      | Reached skill level 12 in Axes
  6706 | D:7      | Bought a wand of digging (0/24) for 112 gold pieces
  6706 | D:7      | Bought a wand of disintegration (0/24) for 56 gold pieces
  6725 | D:7      | Bought a wand of lightning (0/15) for 56 gold pieces
  6823 | D:7      | Found Viosmeag's Antique Armour Shop.
  6827 | D:7      | Reached skill level 1 in Stealth
  7454 | D:7      | Found a staircase to the Ecumenical Temple.
  7486 | Temple   | Entered the Ecumenical Temple
  7820 | D:8      | Noticed Maurice
  7936 | D:7      | Reached skill level 13 in Axes
  8646 | D:8      | Noticed a two-headed ogre
  8729 | Temple   | Became a worshipper of Warmaster Okawaru
  9027 | D:7      | Killed a two-headed ogre
  9027 | D:7      | Reached * piety under Okawaru
  9027 | D:7      | Reached XP level 10. HP: 33/88 MP: 9/9
  9391 | D:8      | Noticed a two-headed ogre
  9420 | D:7      | Reached skill level 14 in Axes
  9618 | D:8      | Found Textata's Gadget Shop.
  9633 | D:8      | Killed a two-headed ogre
  9633 | D:8      | Reached skill level 1 in Evocations
  9636 | D:8      | Found an opulent altar of Gozag.
 10293 | D:8      | Killed Maurice
 10293 | D:8      | Reached ** piety under Okawaru
 10293 | D:8      | Reached skill level 15 in Axes
 10487 | D:8      | Noticed a purple ugly thing
 10501 | D:8      | Killed a purple ugly thing
 10553 | D:8      | Found Gozag's Platinum Reserve.
 10675 | D:8      | Noticed Gastronok
 10705 | D:8      | Killed Gastronok
 10705 | D:8      | Reached XP level 11. HP: 72/97 MP: 8/10
 10911 | D:9      | Found a hide-covered altar of Uskayaw.
 10913 | D:9      | Found a hazy altar of Hepliaklqana.
 11156 | D:9      | Reached *** piety under Okawaru
 11256 | D:9      | Reached skill level 16 in Axes
 11531 | D:9      | Reached skill level 1 in Invocations
 11578 | D:9      | Noticed Grum
 11586 | D:9      | Reached skill level 1 in Dodging
 11598 | D:9      | Killed Grum
 11909 | D:10     | Entered Level 10 of the Dungeon
 12073 | D:10     | Found a staircase to the Lair.
 12309 | D:10     | Noticed Erolcha
 12317 | D:10     | Killed Erolcha
 12391 | D:10     | Reached **** piety under Okawaru
 12391 | D:10     | Reached skill level 10 in Armour
 12792 | D:10     | Found Qimeing's Food Shoppe.
 13175 | D:10     | Reached skill level 5 in Dodging
 13214 | Lair:1   | Entered Level 1 of the Lair of Beasts
 13368 | Lair:1   | Reached skill level 10 in Fighting
 13404 | Lair:1   | Found a labyrinth entrance.
 13644 | Lair:1   | Reached ***** piety under Okawaru
 14065 | Lair:2   | Reached XP level 12. HP: 107/107 MP: 12/12
 14079 | Lair:2   | Found a hole to the Spider Nest.
 14158 | Lair:2   | Noticed Nergalle
 14174 | Lair:2   | Killed Nergalle
 14295 | Lair:2   | Received a gift from Okawaru
 14423 | Lair:2   | Reached skill level 5 in Invocations
 14809 | Lair:3   | Found a staircase to the Swamp.
 15554 | Lair:3   | Noticed a six-headed hydra
 16424 | Lair:4   | Reached XP level 13. HP: 104/117 MP: 17/17
 17173 | Lair:5   | Received a gift from Okawaru
 17212 | Lair:5   | Found a staircase to the Slime Pits.
 17867 | Lair:6   | Entered Level 6 of the Lair of Beasts
 18276 | Lair:6   | Reached skill level 17 in Axes
 18488 | Lair:6   | Got a transparent bronze ring
 18491 | Lair:6   | Identified the ring of Ocuol {rF+ rN+ Dex+2} (You found it on level 6 of the Lair of Beasts)
 18875 | Lair:6   | Received a gift from Okawaru
 18977 | Lair:6   | Reached skill level 10 in Dodging
 20106 | Lair:6   | Reached XP level 14. HP: 114/129 MP: 10/18
 20881 | D:11     | Found Doisseul's Armour Shoppe.
 20927 | D:11     | Reached skill level 18 in Axes
 20977 | D:11     | Found Quirgh's General Store.
 20990 | D:11     | Bought a scroll of fear for 42 gold pieces
 21023 | D:11     | Found Asyossoca's Food Shoppe.
 21106 | D:11     | Found Pirchireh's Food Shoppe.
 21122 | D:11     | Found a shimmering altar of Xom.
 21196 | D:11     | Found Tuygynto's Distillery.
 21201 | D:11     | Bought 2 potions of haste for 340 gold pieces
 21201 | D:11     | Bought a potion of curing for 51 gold pieces
 21201 | D:11     | Bought a potion of invisibility for 136 gold pieces
 21201 | D:11     | Bought 2 potions of curing for 102 gold pieces
 21247 | D:11     | Found a staircase to the Orcish Mines.
 21319 | D:11     | Noticed Sonja
 21330 | D:11     | Killed Sonja
 21375 | D:11     | Noticed Erica
 21388 | D:11     | Killed Erica
 21786 | D:12     | Received a gift from Okawaru
 21789 | D:12     | Got a pair of shimmering boots {god gift}
 21801 | D:12     | Identified the +1 pair of boots of Valour {+Blink rF+++ rC- rN+} (Okawaru gifted it to you on level 12 of the Dungeon)
 21940 | D:12     | Noticed Kirke
 22031 | D:12     | Noticed a sphinx
 22194 | D:11     | Killed Kirke
 22324 | D:12     | Noticed Rupert
 22382 | Orc:1    | Entered Level 1 of the Orcish Mines
 22407 | Orc:1    | Noticed an orc warlord
 22440 | D:11     | Killed an orc warlord
 22779 | Orc:1    | Noticed an orc warlord
 22821 | Orc:1    | Killed an orc warlord
 23300 | Orc:1    | Found Siak's Armour Boutique.
 23336 | Orc:1    | Bought a +0 cloak of magic resistance for 126 gold pieces
 23734 | Orc:2    | Entered Level 2 of the Orcish Mines
 23734 | Orc:2    | Found a staircase to the Elven Halls.
 23872 | Orc:2    | Reached skill level 5 in Shields
 23883 | Orc:2    | Found Xomizimiu's Distillery.
 23910 | Orc:2    | Found Osith's Food Shoppe.
 24020 | Orc:2    | Bought a potion of heal wounds for 70 gold pieces
 24337 | Orc:2    | Found a bloodstained altar of Trog.
 24769 | Orc:2    | Received a gift from Okawaru
 25255 | Orc:2    | Reached XP level 15. HP: 125/138 MP: 19/19
 25272 | Orc:2    | Found Yweducue's Gadget Boutique.
 25272 | Orc:2    | Found Wukky's Antique Armour Shop.
 25273 | Orc:2    | Found a one-way gate leading to the halls of Pandemonium.
 25350 | Orc:2    | Noticed an orc warlord
 25356 | Orc:2    | Received a gift from Okawaru
 25367 | Orc:2    | Killed an orc warlord
 25380 | Orc:2    | Got an encrusted cloak {god gift}
 25392 | Orc:2    | Identified the +2 cloak of Freedom {*Slow rPois Regen+} (Okawaru gifted it to you on level 2 of the Orcish Mines)
 25728 | D:11     | Killed Rupert
 26075 | D:12     | Reached skill level 15 in Fighting
 26292 | D:13     | Found a portal to a secret trove of treasure.
 27027 | D:13     | Got a transparent scale mail
 27029 | D:13     | Identified the +10 scale mail "Comir" {Str+2} (You found it on level 13 of the Dungeon)
 27404 | D:14     | Found a frozen archway.
 27412 | IceCv    | Entered an ice cave
 27603 | IceCv    | Reached skill level 15 in Armour
 28235 | D:14     | Found Ybidief's Gadget Emporium.
 28906 | D:14     | Found a gate to the Vaults.
 29110 | D:15     | Entered Level 15 of the Dungeon
 29277 | Swamp:1  | Entered Level 1 of the Swamp
 30296 | Swamp:4  | Entered Level 4 of the Swamp
 30688 | Swamp:4  | Killed an azure jelly
 30899 | Swamp:3  | Reached XP level 16. HP: 129/152 MP: 20/20
 31068 | Swamp:4  | Received a gift from Okawaru
 31182 | Swamp:4  | Noticed a thorn hunter
 31190 | Swamp:4  | Killed a thorn hunter
 31790 | Swamp:4  | Noticed Donald
 31812 | Swamp:4  | Killed Donald
 32245 | Swamp:4  | Received a gift from Okawaru
 32416 | Swamp:4  | Got a decaying rune of Zot
 32787 | Spider:1 | Entered Level 1 of the Spider Nest
 33552 | Spider:1 | Reached skill level 19 in Axes
 34573 | Spider:2 | Received a gift from Okawaru
 34576 | Spider:2 | Got a slimy battleaxe {god gift}
 34578 | Spider:2 | Identified the +3 battleaxe of a bazaar {venom, +Fly rF- Dex+2} (Okawaru gifted it to you on level 2 of the Spider Nest)
 34777 | Spider:4 | Entered Level 4 of the Spider Nest
 35389 | Spider:4 | Received a gift from Okawaru
 35476 | Spider:4 | Reached XP level 17. HP: 129/163 MP: 7/21
 35526 | Spider:4 | Paralysed by a hornet for 2 turns
 35606 | Spider:4 | Reached skill level 20 in Axes
 35713 | Spider:4 | Reached ****** piety under Okawaru
 35734 | Spider:4 | Got a gossamer rune of Zot
 36097 | Vaults:1 | Entered Level 1 of the Vaults
 36590 | Vaults:1 | Received a gift from Okawaru
 37195 | Vaults:1 | Noticed a Hell Sentinel
 37209 | Vaults:1 | Noticed a Tzitzimitl
 37842 | Vaults:1 | Reached skill level 21 in Axes
 37846 | Vaults:1 | Received a gift from Okawaru
 37850 | Vaults:1 | Got a scorched war axe {god gift}
 37851 | Vaults:1 | Identified the +3 war axe "Veczufaotu" {drain, +Inv rN++ Stlth-} (Okawaru gifted it to you on level 1 of the Vaults)
 38000 | Vaults:2 | Reached XP level 18. HP: 133/173 MP: 22/22
 38166 | Vaults:2 | Received a gift from Okawaru
 38197 | Vaults:2 | Found Valiy's General Store.
 38312 | Vaults:2 | Found a ruined gateway.
 38826 | Vaults:2 | Reached skill level 15 in Dodging
 38937 | Vaults:2 | Reached skill level 22 in Axes
 39384 | Vaults:3 | Received a gift from Okawaru
 39909 | Vaults:3 | Found Hopemp's Distillery.
 39917 | Vaults:3 | Bought a potion of resistance for 140 gold pieces
 39917 | Vaults:3 | Bought a potion of magic for 112 gold pieces
 39917 | Vaults:3 | Bought a potion of curing for 42 gold pieces
 39994 | Vaults:3 | Slain by an ettin simulacrum

Vault maps used:
D:1:      onia_arrival_zoo_common
D:2:      lemuel_zombie_altar_yredelemnul, lemuel_crystal_altar, moated_statue,
          uniq_terence
D:3:      serial_aquarium, aquarium_bridge_square,
          aquarium_bridge_long_separate, aquarium_window_corner,
          aquarium_window_corridor_1, aquarium_view_2b, aquarium_view_2g
D:4:      first_bread, portal_sewer_entry_e, uniq_natasha, uniq_grinder,
          uniq_menkaure
D:5:      uniq_duvessa
D:6:      old_forge, kennysheep_generic_room_16, uniq_edmund, uniq_eustachio
D:7:      serial_shops, shop, nicolae_for_you_no_charge
D:8:      nicolae_gozag_zags_fifth_avenue, serial_shops, shop, uniq_maurice,
          uniq_gastronok
D:9:      chequers_temple_overflow_statue_of_worship, uniq_grum
D:10:     david_lair_generic, serial_shops, shop_statue, uniq_erolcha
D:11:     orc_0_dummy, serial_shops, shop, nicolae_shop_trees,
          nicolae_shop_waterfront, nicolae_shop_waterfront, nicolae_shop_stone,
          basic_altar, uniq_erica, uniq_sonja
D:12:     uniq_kirke, uniq_rupert
D:13:     enter_trove_1
D:14:     david_vaults_5, small_statue_intersection, serial_shops,
          nicolae_shop_stone, portal_ice_cave_entry_pillars_2,
          hangedman_stone_soup
D:15:     grunt_enter_depths_snipers, nicolae_dithmenos_the_darkroom,
          nicolae_two_hexagons
Temple:   eino_temple_rhombus
Lair:1:   lab_entry_generic, st_stairs_11, cheibrodos_lair_caveside_slide
Lair:2:   nicolae_spider_entry_non_spiders, uniq_nergalle
Lair:3:   minmay_swamp_entry_reptiles, grunt_megastairs_3
Lair:4:   minmay_lair_oklob_chamber
Lair:5:   nicolae_slime_entry_slimehenge, minivault_25
Lair:6:   grunt_lair_end_beastmaster, lemuel_another_geyser
Swamp:1:  evilmike_swamp_ruin_house_1
Swamp:2:  infiniplex_staircase_pool
Swamp:3:  evilmike_swamp_ruin_house_3, uniq_nikola
Swamp:4:  swamp_icy, uniq_donald
Spider:2: nicolae_spider_cling_halls
Spider:4: spider_rune_water, special_room
Orc:1:    serial_shops, nicolae_shop_waterfront
Orc:2:    pf_orc_diabolical, nicolae_orc_sculptors_studio, lemuel_statue_altar
Vaults:1: ontoclasm_vaults_fault, ontoclasm_vaults_shuriken,
          ontoclasm_vaults_ring_large, v_misc_19, hangedman_vaults_slice,
          st_eye, v_misc_11, nicolae_vaults_disjoint_gnomons
Vaults:2: v_misc_1, hangedman_vaults_locks, hangedman_vaults_nails,
          vaults_room_corners, vaults_mumra_hexcomb, hangedman_vaults_trim,
          vaults_room_pool, vaults_dpeg_encased_lava, serial_shops,
          nicolae_shop_behind_doors, portal_desolation_entry_salt
Vaults:3: v_rooms_5, nicolae_vaults_disjoint_gnomons, hangedman_vaults_corner,
          nicolae_vaults_little_ls, minmay_crypt_entry_simple_round,
          grunt_vaults_diagonal, v_pattern_2,
          hangedman_vaults_stretched_pinwheel, v_misc_26, hangedman_vaults_maws,
          serial_shops, shop
IceCv:    ice_cave_small_demon

Skill      XL: |  1  2  3  4  5  6  7  8  9 10 11 12 13 14 15 16 17 18 |
---------------+-------------------------------------------------------+-----
Armour         | 4 5 6 7 8 9 10 12 13 16 17 | 17.0
Axes           | 3 4 5 6 7 9 11 13 15 16 17 18 19 21 22 | 22.4
Fighting       | 4 5 6 7 9 10 11 13 14 16 17 18 19 | 19.4
Stealth        | 1 |  1.3
Evocations     | 1 3 |  3.3
Invocations    | 2 7 |  7.3
Dodging        | 6 8 10 11 13 15 | 15.6
Shields        | 7 |  7.6

Action                   |  1- 3 |  4- 6 |  7- 9 | 10-12 | 13-15 | 16-18 || total
-------------------------+-------+-------+-------+-------+-------+-------++-------
Melee: War axe           |    71 |   126 |   381 |   751 |   937 |       ||  2266
       Headbutt          |     9 |    36 |   100 |   207 |   456 |   430 ||  1238
       Broad axe         |       |       |       |       |    16 |       ||    16
       Unarmed           |       |       |       |       |     9 |       ||     9
       Battleaxe         |       |       |       |       |   537 |  1471 ||  2008
Invok: Heroism           |       |       |       |     7 |    21 |     6 ||    34
       Finesse           |       |       |       |       |    18 |     4 ||    22
 Abil: Evoke Blink       |       |       |       |       |     1 |       ||     1
Evoke: Wand              |       |       |     5 |     6 |     5 |     9 ||    25
  Use: Scroll            |       |       |    14 |    11 |    21 |    22 ||    68
       Potion            |       |       |     6 |     2 |    10 |     7 ||    25
 Stab: Distracted        |       |       |       |     1 |       |       ||     1
       Petrified         |       |       |       |       |    10 |       ||    10
  Eat: Chunk             |       |     3 |     8 |    19 |    13 |     9 ||    52
       Bread ration      |       |     1 |     3 |     1 |     5 |       ||    10
       Pizza             |       |     1 |       |       |       |       ||     1
       Meat ration       |       |       |       |       |     3 |     5 ||     8
Armor: Scale mail        |    33 |    42 |   120 |   150 |   142 |       ||   487
       Plate armour      |       |       |       |       |   180 |       ||   180
       Crystal plate arm |       |       |       |       |   167 |   771 ||   938
Dodge: Dodged            |    18 |    30 |    82 |   146 |   702 |   996 ||  1974
Block: Shield            |    30 |    59 |   204 |   477 |   630 |       ||  1400
       Reflection        |       |       |     9 |     7 |    32 |    16 ||    64
       Other             |       |       |       |       |   153 |   358 ||   511
